 Dungeon Crawl Stone Soup version 0.26-a0-737-g4e9f4955e2 (webtiles) character file.

Game seed: 9673458853100549236

684 Gargoyl the Skirmisher (level 7, 0/60 HPs)
             Began as a Gnoll Abyssal Knight on Nov 4, 2020.
             Was a Priest of Lugonu.
             Slain by a bullfrog (4 damage)
             ... on level 4 of the Dungeon.
             The game lasted 00:06:06 (3078 turns).

Gargoyl the Skirmisher (Gnoll Abyssal Knight)       Turns: 3078, Time: 00:06:07

Health: 0/60       AC: 12    Str: 16    XL:     7   Next: 62%
Magic:  11/11      EV:  8    Int: 14    God:    Lugonu [***...]
Gold:   208        SH:  5    Dex: 15    Spells: 11/11 levels left

rFire    . . .     SeeInvis .   m - +2 hand axe (venom)
rCold    . . .     Faith    .   (no shield)
rNeg     . . .     Spirit   .   p - +0 chain mail
rPois    .         Reflect  +   (no helmet)
rElec    .         Harm     .   (no cloak)
rCorr    .         Rampage  .   (no gloves)
MR       .....                  g - +1 pair of boots
Stlth    ..........             l - amulet of reflection
HPRegen  0.20/turn              (no ring)
MPRegen  0.12/turn              (no ring)

@: no status effects
A: distributed training, fangs 1, strong nose
a: Depart the Abyss, Bend Space, Banish, Renounce Religion


You were on level 4 of the Dungeon.
You worshipped Lugonu.
Lugonu was most pleased with you.
You visited 1 branch of the dungeon, and saw 4 of its levels.
You visited the Abyss 1 time.
You also visited: Sewer.

You collected 208 gold pieces.

Inventory:

Hand Weapons
 a - a +1 hand axe
 m - a +2 hand axe of venom (weapon)
 r - the +7 quarterstaff "Faosag" {vamp, rC+}
   (You found it on level 4 of the Dungeon)

   It inflicts no extra harm, but heals its wielder when it wounds a living foe.
   It protects you from cold.
 u - a +0 hand axe of electrocution
Armour
 g - a +1 pair of boots (worn)
 p - a +0 chain mail (worn)
Jewellery
 l - an amulet of reflection (around neck)
 t - an uncursed amulet of guardian spirit
Scrolls
 c - a scroll of enchant armour
 f - a scroll of remove curse
 i - a scroll of teleportation
 j - a scroll of identify
 n - a scroll of fog
Potions
 b - a potion of stabbing
 k - 4 potions of heal wounds {unknown}
 o - 2 potions of flight {unknown}
 q - a potion of magic {unknown}
 s - a potion of curing


   Skills:
 + Level 7.1 Fighting
 + Level 2.6 Short Blades
 + Level 2.6 Long Blades
 + Level 5.3 Axes
 + Level 2.6 Maces & Flails
 + Level 2.6 Polearms
 + Level 2.6 Staves
 + Level 2.6 Slings
 + Level 2.6 Bows
 + Level 2.6 Crossbows
 + Level 2.6 Throwing
 + Level 5.3 Armour
 + Level 3.7 Dodging
 + Level 2.6 Stealth
 + Level 2.6 Shields
 + Level 2.6 Unarmed Combat
 + Level 2.6 Spellcasting
 + Level 2.1 Conjurations
 + Level 2.1 Hexes
 + Level 2.1 Summonings
 + Level 2.1 Necromancy
 + Level 2.1 Translocations
 + Level 2.1 Transmutations
 + Level 2.1 Fire Magic
 + Level 2.1 Ice Magic
 + Level 2.1 Air Magic
 + Level 2.1 Earth Magic
 + Level 2.1 Poison Magic
 + Level 5.4 Invocations
 + Level 2.6 Evocations


You had 11 spell levels left.
You didn't know any spells.
Your spell library contained the following spells:

 Spells                   Type           Power        Failure   Level
 Corona                   Hex            #......      80%         1
 Ensorcelled Hibernation  Hex/Ice        #.....       91%         2
 Confusing Touch          Hex            #.......     99%         3
 Dazzling Flash           Conj/Hex       #.....       99%         3
 Tukima's Dance           Hex            #.......     99%         3


Dungeon Overview and Level Annotations

Branches:
Dungeon (4/15)              Sewer (visited)
 Temple: D:4-7

Altars:
Sif Muna


Innate Abilities, Weirdness & Mutations

Your experience applies equally to all skills.
You have very sharp teeth.
Your uncanny sense of smell can sniff out nearby items.


Message History

The bullfrog barely misses you.
It was a potion of cancellation.
Your magical effects are unravelling.
You feel magically purged.
You feel a little less clever now. The bullfrog barely misses you.
An orc priest comes into view.
The bullfrog barely misses you.
You closely miss the bullfrog.
The bullfrog is heavily wounded.
The bullfrog closely misses you.
The orc priest invokes the aid of Beogh against you.
Beogh smites you!
* * * LOW HITPOINT WARNING * * *
Unknown command.
The orc shouts!
You hit the bullfrog but do no damage.
The bullfrog looks as sick as possible!
The bullfrog is heavily wounded.
The bullfrog hits you.
You die...

...............#........#
..............#.........#...
..<.............####......# o
..............## #..#...## ..
.............######.####.... ...
....................## ##......
...................o.#### ......
...........#########{..o##......
................@FlJB..o........
.....#####.#############))......
###... .# ##....... .... #).....
...... ...... ..... .....


You could see a bullfrog (extremely poisoned), an orc priest, an ooze, an orc, a
leopard gecko and a giant cockroach.

Vanquished Creatures
  A large abomination (Abyss:2)
  A big kobold (Sewer)
  A howler monkey (D:3)
  3 orc priests
  3 orc wizards
  A centaur skeleton (D:4)
  Jessica (D:3)
  6 adders
  2 river rats (Sewer)
  A shadow imp (D:3)
  An ooze (D:3)
  3 worms
  4 dart slugs
  4 leopard geckos
  12 orcs (D:3)
  7 giant cockroaches
  6 goblins
  5 hobgoblins
  14 jackals
  10 kobolds
  2 quokkas
  A ball python (D:3)
  11 bats
  4 frilled lizards
  11 rats
115 creatures vanquished.

Notes
Turn   | Place    | Note
-------+----------+-------------------------------------------
     0 | Abyss:1  | Gargoyl the Gnoll Abyssal Knight began the quest for the
                  | Orb.
     0 | Abyss:1  | Reached XP level 1. HP: 23/23 MP: 3/3
    88 | Abyss:2  | Noticed a large abomination
    99 | Abyss:2  | Killed a large abomination
    99 | Abyss:2  | Reached skill level 1 in Short Blades
    99 | Abyss:2  | Reached skill level 1 in Long Blades
    99 | Abyss:2  | Reached skill level 1 in Maces & Flails
    99 | Abyss:2  | Reached skill level 1 in Polearms
    99 | Abyss:2  | Reached skill level 1 in Staves
    99 | Abyss:2  | Reached skill level 1 in Slings
    99 | Abyss:2  | Reached skill level 1 in Bows
    99 | Abyss:2  | Reached skill level 1 in Crossbows
    99 | Abyss:2  | Reached skill level 1 in Throwing
    99 | Abyss:2  | Reached skill level 1 in Stealth
    99 | Abyss:2  | Reached skill level 1 in Shields
    99 | Abyss:2  | Reached skill level 1 in Unarmed Combat
    99 | Abyss:2  | Reached skill level 1 in Spellcasting
    99 | Abyss:2  | Reached skill level 1 in Conjurations
    99 | Abyss:2  | Reached skill level 1 in Hexes
    99 | Abyss:2  | Reached skill level 1 in Summonings
    99 | Abyss:2  | Reached skill level 1 in Necromancy
    99 | Abyss:2  | Reached skill level 1 in Translocations
    99 | Abyss:2  | Reached skill level 1 in Transmutations
    99 | Abyss:2  | Reached skill level 1 in Fire Magic
    99 | Abyss:2  | Reached skill level 1 in Ice Magic
    99 | Abyss:2  | Reached skill level 1 in Air Magic
    99 | Abyss:2  | Reached skill level 1 in Earth Magic
    99 | Abyss:2  | Reached skill level 1 in Poison Magic
    99 | Abyss:2  | Reached skill level 1 in Evocations
    99 | Abyss:2  | Reached XP level 2. HP: 29/29 MP: 5/5
    99 | Abyss:2  | Reached XP level 3. HP: 35/35 MP: 6/6
    99 | Abyss:2  | Reached XP level 4. HP: 41/41 MP: 7/7
    99 | Abyss:2  | Reached XP level 5. HP: 47/47 MP: 8/8
   137 | Abyss:2  | Found a shimmering altar of Xom.
   137 | Abyss:2  | Found a shimmering altar of Xom.
   137 | Abyss:2  | Found a shimmering altar of Xom.
   138 | Abyss:2  | Found a shimmering altar of Xom.
   138 | Abyss:2  | Found a corrupted altar of Lugonu.
   138 | Abyss:2  | Found a shimmering altar of Xom.
   139 | Abyss:2  | Found a shimmering altar of Xom.
   140 | Abyss:2  | Found a shimmering altar of Xom.
   140 | Abyss:2  | Found a shimmering altar of Xom.
   140 | Abyss:2  | Found a shimmering altar of Xom.
   140 | Abyss:2  | Found a shimmering altar of Xom.
   140 | Abyss:2  | Found a shimmering altar of Xom.
   140 | Abyss:2  | Found a shimmering altar of Xom.
   141 | Abyss:2  | Found a shimmering altar of Xom.
   141 | Abyss:2  | Found a shimmering altar of Xom.
   145 | Abyss:2  | Got a crystal short sword
   146 | Abyss:2  | Identified the +7 short sword "Logudom" {vorpal, *Corrode
                  | +Blink +Fly MR++ SInv} (You found it on level 2 of the
                  | Abyss)
   148 | Abyss:2  | Noticed an Executioner
   150 | D:1      | Escaped the Abyss
   502 | D:1      | Reached * piety under Lugonu
  1426 | D:2      | Reached ** piety under Lugonu
  1587 | D:2      | Reached skill level 5 in Invocations
  1711 | D:2      | Reached XP level 6. HP: 50/53 MP: 9/9
  2089 | D:3      | Reached skill level 5 in Axes
  2089 | D:3      | Reached skill level 5 in Armour
  2097 | D:3      | Found a shimmering blue altar of Sif Muna.
  2097 | D:3      | Noticed Jessica
  2103 | D:3      | Killed Jessica
  2174 | D:3      | Found a faded altar of an unknown god.
  2251 | D:3      | Found a glowing drain.
  2255 | Sewer    | Entered a sewer
  2268 | Sewer    | Reached *** piety under Lugonu
  2356 | Sewer    | Reached XP level 7. HP: 53/59 MP: 10/10
  2398 | Sewer    | Found a white marble altar of Elyvilon.
  2717 | D:3      | Reached skill level 7 in Fighting
  2935 | D:4      | Got a crystal quarterstaff
  2936 | D:4      | Identified the +7 quarterstaff "Faosag" {vamp, rC+} (You
                  | found it on level 4 of the Dungeon)
  3060 | D:4      | HP: 3/60 [ooze (4)]
  3078 | D:4      | Slain by a bullfrog

Illustrated notes

Levels and vault maps discovered:
D:1:      eino_arrival_tree_alley, layout_basic
D:2:      layout_basic
D:3:      layout_basic, tgw_sif, chequers_ecumenical_altar_simple,
          gup_sewer_entry_bowl, solitary_fountain
D:4:      layout_rooms

Skill      XL: |  1  2  3  4  5  6  7 |
---------------+----------------------+-----
Short Blades   | 1 2 |  2.6
Long Blades    | 1 2 |  2.6
Maces & Flails | 1 2 |  2.6
Polearms       | 1 2 |  2.6
Staves         | 1 2 |  2.6
Slings         | 1 2 |  2.6
Bows           | 1 2 |  2.6
Crossbows      | 1 2 |  2.6
Throwing       | 1 2 |  2.6
Stealth        | 1 2 |  2.6
Shields        | 1 2 |  2.6
Unarmed Combat | 1 2 |  2.6
Spellcasting   | 1 2 |  2.6
Conjurations   | 1 2 |  2.1
Hexes          | 1 2 |  2.1
Summonings     | 1 2 |  2.1
Necromancy     | 1 2 |  2.1
Translocations | 1 2 |  2.1
Transmutations | 1 2 |  2.1
Fire Magic     | 1 2 |  2.1
Ice Magic      | 1 2 |  2.1
Air Magic      | 1 2 |  2.1
Earth Magic    | 1 2 |  2.1
Poison Magic   | 1 2 |  2.1
Evocations     | 1 2 |  2.6
Dodging        | 3 |  3.7
Invocations    | 5 |  5.4
Axes           | 5 |  5.3
Armour         | 5 |  5.3
Fighting       | 7 |  7.1

Action                   |  1- 3 |  4- 6 |  7- 9 || total
-------------------------+-------+-------+-------++-------
Melee: Short sword       |       |   146 |    48 ||   194
       Bite              |       |    13 |     4 ||    17
       Punch             |       |     2 |     2 ||     4
       Hand axe          |       |    27 |     3 ||    30
       Quarterstaff      |       |       |    21 ||    21
Invok: Depart the Abyss  |       |     1 |       ||     1
 Abil: Evoke Flight      |       |     1 |       ||     1
Evoke: Wand              |     4 |     1 |       ||     5
  Use: Scroll            |     1 |     4 |     5 ||    10
       Potion            |     1 |       |     4 ||     5
 Stab: Distracted        |       |     1 |     1 ||     2
       Sleeping          |       |     1 |       ||     1
Armor: Ring mail         |       |    60 |       ||    60
       Chain mail        |       |    55 |    53 ||   108
Dodge: Dodged            |     1 |   112 |    49 ||   162
Block: Other             |       |    23 |    16 ||    39
       Reflection        |       |       |     1 ||     1

Table legend: (Time is in decaauts)
 A = Elapsed time spent in this place.
 B = Non-inter-level travel time spent in this place.
 C = Inter-level travel time spent in this place.
 D = Time resting spent in this place.
 E = Time spent auto-exploring this place.
 F = Levels seen in this place.
 G = Mean time per level.
                   A        B        C        D        E       F      G
               +--------+--------+--------+--------+--------+-----+--------+
         Total |   3109 |   3050 |     59 |      0 |   2190 |   7 |  444.1 |
       Dungeon |   2749 |   2690 |     59 |      0 |   1966 |   4 |  687.2 |
         Abyss |    149 |    149 |      0 |      0 |     69 |   2 |   74.5 |
         Sewer |    210 |    210 |      0 |      0 |    155 |   1 |  210.0 |
               +--------+--------+--------+--------+--------+-----+--------+

Top non-repeatable levels by time:
     D:1: 1119 daAuts
     D:2: 784 daAuts
     D:3: 649 daAuts
   Sewer: 210 daAuts
     D:4: 196 daAuts
 Abyss:2: 120 daAuts
 Abyss:1: 29 daAuts
